 Dungeon Crawl Stone Soup version 0.31-a0-1591-g515db51633 (webtiles) character file.

Game seed: 10592860272174109112

854 timneilson the Covered (level 8, -1/48 HPs)
             Began as a Gargoyle Fighter on Jan 7, 2024.
             Slain by a killer bee (4 damage)
             ... on level 7 of the Dungeon.
             The game lasted 00:08:54 (4311 turns).

timneilson the Covered (Gargoyle Fighter)           Turns: 4311, Time: 00:08:55

Health: -1/48      AC: 17    Str: 17 (20) XL:     8   Next: 1%
Magic:  0/8        EV:  7    Int:  7 (9)  God:
Gold:   240        SH:  5    Dex:  8 (11) Spells: 7/7 levels left

rFire   . . .        a - +1 long sword
rCold   . . .        c - +1 buckler
rNeg    + . .        e - +0 chain mail
rPois   ∞            j - +0 helmet
rElec   +            (no cloak)
rCorr   .            (no gloves)
SInv    .            (no boots)
Will    .....        n - amulet of guardian spirit Stlth
                     (no ring)
HPRegen 0.28/turn    (no ring)
MPRegen 0.11/turn

%: guardian spirit
@: weakened
A: sickness immunity, AC +5, negative energy resistance 1, electricity
resistance, torment resistance 1, petrification resistance
a: no special abilities


You were on level 7 of the Dungeon.
You visited 1 branch of the dungeon, and saw 6 of its levels.

You collected 240 gold pieces.

Inventory:

Hand Weapons
 a - a +1 long sword (weapon)
Armour
 c - a +1 buckler (worn)
 e - a +0 chain mail (worn)
 j - a +0 helmet (worn)
Jewellery
 n - an amulet of guardian spirit (around neck)
Scrolls
 g - 6 scrolls of teleportation
 m - a scroll of identify
 p - a scroll of poison
 q - a scroll of enchant armour
 r - 2 scrolls of noise {unknown}
 t - a scroll of silence {unknown}
Potions
 b - a potion of enlightenment
 f - a potion of brilliance
 h - 4 potions of mutation
 l - 2 potions of magic


   Skills:
 + Level 4.7 Fighting
 * Level 4.1 Long Blades
 * Level 6.0 Armour
 + Level 2.1 Dodging
 * Level 5.8 Shields


You had 7 spell levels left.
You didn't know any spells.
Your spell library contained the following spells:

 Spells                   Type           Power      Damage    Failure   Level
 Mercury Vapours          Alch/Air       0%         N/A       100%        2
 Mephitic Cloud           Conj/Alch/Air  0%         N/A       100%        3
 Passage of Golubria      Tloc           0%         N/A       100%        4
 Freezing Cloud           Conj/Ice/Air   0%         6-21      100%        5
 Silence                  Hex/Air        0%         N/A       100%        5
 Lehudib's Crystal Spear  Conj/Erth      0%         10d2      100%        8


Dungeon Overview and Level Annotations

Branches:
Dungeon (7/15)
 Temple: D:4-7

Altars:
Kikubaaqudgha
Wu Jian


Innate Abilities, Weirdness & Mutations

You are immune to sickness and miasma.
Your stone body is resilient. (AC +5)
You are immune to poison.
You resist negative energy. (rN+)
You are resistant to electric shocks. (rElec)
You are resistant to unholy torment.
You are immune to petrification.


Message History

The killer bee stings you but does no damage. x2
You closely miss the killer bee.
The killer bee is heavily wounded.
The killer bee closely misses you. x2
You hit the killer bee but do no damage.
The killer bee is heavily wounded.
The killer bee stings you but does no damage. x2
You block the killer bee's attack.
You hit the killer bee.
The killer bee is almost dead.
The killer bee stings you but does no damage. x2
You hit the killer bee but do no damage.
The killer bee is almost dead.
The killer bee barely misses you.
The killer bee stings you but does no damage.
You block the killer bee's attack.
You miss the killer bee.
The killer bee is severely wounded.
The killer bee stings you but does no damage.
The killer bee closely misses you.
You miss the killer bee.
The killer bee is severely wounded.
You block the killer bee's attack. x2; The killer bee stings you.
* * * LOW HITPOINT WARNING * * *
You hit the killer bee.
You kill the killer bee!
You block the killer bee's attack.
Your Armour skill increases to level 6!
You have reached level 8!
You feel clever.
You closely miss the killer bee.
The killer bee stings you but does no damage. x2
You block the killer bee's attack.
You barely miss the killer bee.
The killer bee stings you but does no damage.
The gnoll bouda gazes fiercely through you!
You feel your attacks grow feeble. The killer bee completely misses you.
You barely miss the killer bee. The killer bee stings you.
You die...

#. ####....# #.
#..'....#...
##.##..gy......#
#...####.##....#
#....##y.#......
#.....y.........
#..g##....#....
###y#######.###
#@######..#
#.........#
###.....#.
##.....####
#..........
######..#....##
#.##....#....#
###...........##
##.............#


You could see a gnoll bouda and a killer bee.

Vanquished Creatures
  2 scorpions (D:5)
  4 killer bees (D:7)
  A hound (D:5)
  3 jellies
  2 orc priests (D:4)
  An iguana (D:4)
  Natasha (thrice) (D:4)
  5 orc wizards
  5 adders
  A white imp (D:5)
  A dart slug (D:1)
  14 orcs
  A bat (D:2)
  8 endoplasms
  12 giant cockroaches
  7 goblins
  8 hobgoblins
  3 quokkas
  3 ball pythons
  2 frilled lizards
  7 kobolds
  5 rats
98 creatures vanquished.

Notes
Turn   | Place    | Note
-------+----------+-------------------------------------------
     0 | D:1      | timneilson the Gargoyle Fighter began the quest for the
                  | Orb.
     0 | D:1      | Reached XP level 1. HP: 14/14 MP: 1/1
   224 | D:1      | Reached XP level 2. HP: 16/19 MP: 2/2
   734 | D:2      | Found a faded altar of an unknown god.
   838 | D:2      | Found an ancient bone altar of Kikubaaqudgha.
  1015 | D:2      | Reached XP level 3. HP: 23/23 MP: 3/3
  1696 | D:3      | Reached skill level 4 in Armour
  1696 | D:3      | Reached XP level 4. HP: 17/29 MP: 4/4
  2017 | D:3      | Reached XP level 5. HP: 8/33 MP: 5/5
  2636 | D:4      | Reached skill level 1 in Dodging
  2944 | D:4      | Reached XP level 6. HP: 38/38 MP: 6/6
  2975 | D:4      | Identified the +2 leather armour of Anlasu {rN+ Str+4}
  3045 | D:4      | Noticed Natasha
  3052 | D:4      | Killed Natasha
  3214 | D:4      | Reached skill level 5 in Armour
  3415 | D:4      | Noticed Natasha
  3428 | D:4      | Killed Natasha
  3452 | D:4      | Reached skill level 5 in Shields
  3572 | D:4      | Noticed Natasha
  3577 | D:4      | Killed Natasha
  3651 | D:5      | Entered Level 5 of the Dungeon
  3744 | D:5      | Reached XP level 7. HP: 43/43 MP: 7/7
  3891 | D:5      | Found an ornate altar of the Wu Jian Council.
  4185 | D:5      | You fall into a shaft and drop 2 floors!
  4307 | D:7      | HP: 2/44 [killer bee (3)]
  4309 | D:7      | Reached skill level 6 in Armour
  4309 | D:7      | Reached XP level 8. HP: 2/48 MP: 1/8
  4311 | D:7      | Slain by a killer bee

Illustrated notes

Levels and vault maps discovered:
D:1:      wander_arrival_chamber, layout_loops_cross
D:2:      minmay_roachtagon, layout_basic, ebering_ecumenical_altar_ruins,
          basic_altar
D:3:      layout_basic
D:4:      cheibrodos_helix_gallery, layout_loops_ring, minivault_24,
          uniq_natasha
D:5:      layout_basic, makhleb_altar_promises_db, kennysheep_mini,
          kennysheep_crisscross, minmay_crystal_room
D:7:      layout_cave_pools, serial_gnoll_camp, gnoll_camp_mini_hut,
          gnoll_camp_huts_moat, gnoll_camp_mini_hut, gnoll_camp_mini_shop,
          grums_kennel

Skill      XL: |  1  2  3  4  5  6  7 |
---------------+----------------------+-----
Long Blades    | 2 3 4 |  4.1
Armour         | 4 5 6 |  6.0
Shields        | 4 5 |  5.8
Dodging        | 1 2 |  2.1
Fighting       | 4 |  4.7

Action                     |  1- 3 |  4- 6 |  7- 9 || total
---------------------------+-------+-------+-------++-------
  Melee: Long sword        |   202 |   191 |   154 ||   547
    Use: Scroll            |     4 |     5 |       ||     9
         Potion            |       |       |     6 ||     6
 Armour: Scale mail        |   146 |     3 |       ||   149
         Chain mail        |       |   136 |   179 ||   315
  Dodge: Dodged            |    85 |    59 |    79 ||   223
  Block: Buckler           |    46 |    36 |    67 ||   149

Table legend: (Time is in decaauts)
 A = Elapsed time spent in this place.
 B = Non-inter-level travel time spent in this place.
 C = Inter-level travel time spent in this place.
 D = Time resting spent in this place.
 E = Time spent auto-exploring this place.
 F = Levels seen in this place.
 G = Mean time per level.
                   A        B        C        D        E       F      G
               +--------+--------+--------+--------+--------+-----+--------+
         Total |   4485 |   4358 |    127 |    305 |   2794 |   6 |  747.5 |
       Dungeon |   4485 |   4358 |    127 |    305 |   2794 |   6 |  747.5 |
               +--------+--------+--------+--------+--------+-----+--------+

Top non-repeatable levels by time:
     D:4: 1286 daAuts
     D:2: 1052 daAuts
     D:3: 1007 daAuts
     D:1: 629 daAuts
     D:5: 367 daAuts
     D:7: 142 daAuts
